Map: Winter Madness LE

Players

SCIInewby

  • Race: Zerg Zerg
  • League: Master
  • Spawn Location: 11:00

Freezer - Winner!

  • Race: Protoss Protoss
  • League: Silver
  • Spawn Location: 5:00

VOD

Have the link to the VOD?

Description

Time

  • Played on: Feb. 7, 2026, 2:09 p.m.
  • Length: 7:56
Show
View Real Time Build Order
Export as new Build Order

SCIInewby Zerg 

Build Orders: Pool First 

Get SALT Encoding   

  12  0:01  Drone  
  13  0:09  Drone  
  14  0:15  Extractor  
  14  0:16  Drone  
  15  0:22  Overlord  
  15  0:41  Spawning Pool  
  15  0:42  Drone  
  15  0:53  Drone x2  
  17  1:25  Extractor  
  16  1:27  Zergling x6  
  19  1:38  Hatchery  
  18  1:41  Drone  
  19  1:49  Queen  
  21  1:54  Zergling x2  
  22  2:14  Overlord x2  
  19  2:38  Drone x2  
  21  2:52  Drone  
  21  2:53  Drone  
  21  2:55  Queen  
  25  3:01  Drone x2  
  25  3:02  Roach Warren  
  26  3:11  Drone  
  26  3:12  Drone, Queen  
  28  3:13  Evolution Chamber  
  28  3:17  Drone  
  29  3:40  Spine Crawler  
  28  3:41  Spine Crawler  
  27  3:49  Extractor  
  27  3:50  Drone x2  
  27  3:51  Extractor, Drone x4  
  31  4:00  Zergling x2  
  31  4:01  Zergling x2  
  31  4:02  Roach  
  35  4:16  Zergling x2, Roach x2  
  40  4:20  Overlord  
  40  4:38  Overlord x3  
  38  4:45  Roach  
  38  4:46  Roach x2  
  38  4:48  Roach  
  38  4:49  Zergling x2  
  44  5:01  Roach  
  44  5:02  Roach x2  
  50  5:10  Zergling x2  
  50  5:11  Zergling x6  
  50  5:13  Drone  
  50  5:14  Drone  
  49  5:29  Roach x4  
  48  5:44  Roach x4  
  49  5:57  Zergling x4  
  51  6:06  Zergling x2  
  51  6:07  Zergling x2  
  53  6:17  Zergling x2  
  51  6:18  Zergling x2  
  45  6:28  Zergling x4  
  45  6:31  Zergling x4  
  45  6:32  Zergling x2  
  42  6:43  Zergling x10  
  43  6:57  Roach  
  43  6:58  Roach  
  45  7:02  Roach x2  
  45  7:07  Drone x3  
  44  7:18  Roach x4  
  52  7:37  Roach  
Show
View Real Time Build Order
Export as new Build Order

Freezer Protoss - Winner!

Build Orders:  

Get SALT Encoding   

  12  0:01  Probe  
  13  0:15  Pylon, Probe  
  14  0:23  Probe  
  15  0:33  Probe  
  16  0:45  Probe  
  16  0:46  Gateway  
  17  0:57  Probe  
  17  1:03  Assimilator  
  18  1:09  Probe  
  18  1:11  Assimilator  
  19  1:17  Pylon  
  19  1:26  Forge  
  19  1:29  Probe  
  20  1:37  Probe  
  20  1:43  Cybernetics Core  
  23  1:47  Zealot  
  23  1:49  Probe  
  23  1:50  Protoss Ground Weapons Level 1  
  24  2:01  Probe  
  25  2:15  Zealot  
  27  2:20  Pylon  
  27  2:30  Photon Cannon  
  27  2:33  Warp Gate  
  27  2:52  Gateway  
  27  2:55  Gateway  
  27  3:01  Gateway  
  27  3:04  Sentry  
  29  3:15  Gateway  
  29  3:19  Pylon  
  29  3:45  Zealot x3  
  35  3:52  Pylon  
  35  3:55  Twilight Council  
  35  4:29  Zealot x2  
  35  4:30  Zealot x3  
  45  4:42  Gateway  
  45  4:52  Photon Cannon  
  42  5:49  Charge  
  38  5:57  Probe  
  39  6:06  Stalker x4  
  47  6:13  Pylon  
  41  6:30  Pylon  
  31  7:02  Zealot x4  
  31  7:03  Zealot x2  
  43  7:19  Pylon  
  43  7:25  Zealot  
  43  7:26  Zealot x5  
Tags
 
Matchup
PvZ
Opening
Pool First
Replay Pack
Multiplayer
Spawn Locations
Cross Positions
Add a new tag
Caveats
  • Supply blocks, unpowered buildings, or Contaminate may cause inaccurate times.
  • Supply counts are checked every 10 seconds.